AoeStats
← Matt / Berners

Arabia

510609569Analyzed
4v4 RM · 20h ago on Oct 1, 2026· 29m 35s· 8 players
Game mode
Random Map
Map size
Large (8 player)
Population
200
Speed
Normal
Resources
Standard
Victory
Conquest
Starting age
Dark Age
Ending age
Imperial Age
RankedLock teamsTeams togetherTeam positionsShared explorationLock speedFull tech treeHidden civsTurbo modeCheats
Victory
Defeat
🇨🇱 Shu · Chile
1071
+14
🇨🇱 Danes · Chile
1061
+14
🇨🇱 Varangians · Chile
1053
+15
🇨🇱 Hindustanis · Chile
1000
+17
🇬🇧 Poles · United Kingdom
1038
-16
🇬🇧 Britons · United Kingdom
1034
-15
🇹🇼 Varangians · Taiwan
1016
-15
🇦🇺 Spanish · Australia
1006
-14
Matt / Berners
11:39 Feudal Age
11:29 Loom
12:49 Double-Bit Axe
15:47 Horse Collar
22:54 Fletching
23:05 Padded Archer Armor
24:54 Scale Mail Armor
25:41 Forging
hairy
10:29 Feudal Age
8:48 Loom
10:39 Feudal Age
12:19 Double-Bit Axe
12:17 Horse Collar
14:55 Castle Age
16:33 Bow Saw
16:38 Stone Mining
21:25 Scale Barding Armor
22:48 Wheelbarrow
23:22 Bloodlines
24:27 Forging
28:00 Scale Mail Armor
28:17 Hand Cart
28:05 Squires
YJHAN
0:58 Loom
12:05 Feudal Age
15:37 Town Watch
19:14 Castle Age
20:19 Double-Bit Axe
21:12 Wheelbarrow
21:48 Forging
23:35 Stone Mining
24:53 Fletching
25:20 Elite Skirmisher
28:34 Squires
Rido
0:26 Loom
11:21 Feudal Age
17:25 Double-Bit Axe
17:49 Scale Barding Armor
19:56 Castle Age
19:57 Bloodlines
21:16 Chain Barding Armor
25:06 Wheelbarrow
25:55 Gold Mining
26:13 Husbandry
27:20 Hand Cart
28:05 Forging
Doppelgänger
7:37 Loom
7:43 Loom
10:40 Feudal Age
15:53 Castle Age
14:31 Double-Bit Axe
15:46 Scale Barding Armor
19:22 Horse Collar
21:41 Forging
22:53 Husbandry
25:00 Bloodlines
26:24 Wheelbarrow
26:39 Chain Barding Armor
30:30 Iron Casting
29:44 Town Watch
feli.inoman
8:02 Loom
10:44 Feudal Age
11:38 Double-Bit Axe
14:51 Town Watch
16:19 Fletching
20:29 Castle Age
19:10 Gold Mining
21:08 Padded Archer Armor
21:07 Crossbowman
21:49 Bodkin Arrow
24:28 Wheelbarrow
24:30 Leather Archer Armor
Tsubodai
6:49 Loom
7:04 Loom
9:49 Feudal Age
10:10 Man-at-Arms
10:53 Double-Bit Axe
11:01 Horse Collar
12:09 Arson
21:07 Castle Age
19:51 Fletching
20:23 Padded Archer Armor
21:22 Gold Mining
21:15 Horse Collar
21:14 Long Swordsman
21:57 Squires
28:25 Wheelbarrow
29:16 Gold Shaft Mining
29:49 Heavy Plow
Chubi
6:43 Loom
9:39 Feudal Age
10:48 Double-Bit Axe
20:00 Castle Age
22:01 Husbandry
22:12 Bloodlines
23:18 Forging
23:39 Bow Saw
26:19 Wheelbarrow
25:53 Gold Mining
26:50 Scale Barding Armor
28:37 Chain Barding Armor
Connection lost

Rejoining the realm…

Still unreachable

The connection could not be restored.

Session expired

The server has moved on; the page needs a fresh start.